 Dungeon Crawl Stone Soup version 0.31.0-9-g3a7656b989 (webtiles) character file.

Game seed: 10496933135805214435

48 qw the Shooter (level 3, 0/20 HPs)
             Began as a Deep Elf Hunter on Feb 2, 2024.
             Slain by a gnoll
             ... wielding a +0 whip
              (1 damage)
             ... on level 3 of the Dungeon.
             The game lasted 00:00:05 (1255 turns).

qw the Shooter (Deep Elf Hunter)                    Turns: 1255, Time: 00:00:06

Health: 0/20       AC:  7    Str: 12    XL:     3   Next: 50%
Magic:  5/5        EV: 11    Int: 13    God:
Gold:   110        SH:  0    Dex: 18    Spells: 2/2 levels left

rFire   . . .        a - +1 shortbow
rCold   . . .        (shield currently unavailable)
rNeg    . . .        c - +2 ring mail of Negation {Str+2 Stlth+}
rPois   .            (no helmet)
rElec   .            (no cloak)
rCorr   .            (no gloves)
SInv    .            (no boots)
Will    .....        (no amulet)
Stlth   ++           (no ring)
HPRegen 0.23/turn    (no ring)
MPRegen 0.09/turn

%: no passive effects
@: no status effects
A: no striking features
a: no special abilities


You were on level 3 of the Dungeon.
You visited 1 branch of the dungeon, and saw 3 of its levels.

You collected 110 gold pieces.


   Skills:
 - Level 1.5 Fighting
 + Level 7.0 Ranged Weapons
 - Level 2.4 Dodging
 - Level 1.2 Stealth


You had 2 spell levels left.
You didn't know any spells.
Your spell library was empty.

Inventory:

Hand Weapons
 a - a +1 shortbow (weapon)
Armour
 c - the +2 ring mail of Negation (worn) {Str+2 Stlth+}
   (You found it on level 2 of the Dungeon)

   Str+2:     It affects your strength (+2).
   Stlth+:    It makes you more stealthy.
Potions
 e - 2 potions of curing
 h - a potion of lignification {unknown}

Dungeon Overview and Level Annotations

Branches:
Dungeon (3/15)

Altars:


Message History

The gnoll moves out of view.
You shoot an arrow. The arrow hits the gnoll!
The gnoll is severely wounded.
1242 ||| RETREEEEATING.
You open the door.
1243 ||| RETREEEEATING.
1244 ||| RETREEEEATING.
1245 ||| RETREEEEATING.
1246 ||| RETREEEEATING.
You shoot an arrow. The arrow hits the gnoll.
The gnoll is lightly wounded.
You shoot an arrow. The arrow barely misses the gnoll.
The arrow hits the gnoll.
The gnoll is almost dead.
You shoot an arrow. The arrow hits the gnoll.
The gnoll is lightly wounded.
The gnoll closely misses you. x2
You shoot an arrow. The arrow hits the gnoll.
The gnoll is moderately wounded.
The gnoll hits you with a +0 whip.
You shoot an arrow. The arrow hits the gnoll.
The gnoll is heavily wounded.
The gnoll completely misses you. The gnoll hits you but does no damage.
The gnoll hits you from afar with a +0 spear!
You shoot an arrow.
The arrow hits the gnoll but does no damage.
The gnoll is heavily wounded.
The gnoll hits you with a +0 whip. The gnoll barely misses you.
You shoot an arrow. The arrow hits the gnoll.
The gnoll is severely wounded.
The gnoll barely misses you.
The gnoll hits you from afar with a +0 spear.
You shoot an arrow. The arrow closely misses the gnoll.
The arrow hits the gnoll.
The gnoll is moderately wounded.
The gnoll barely misses you.
The gnoll hits you from afar with a +0 spear.
You shoot an arrow. The arrow closely misses the gnoll.
The arrow hits the gnoll!
The gnoll is almost dead.
The gnoll hits you with a +0 whip.
You die...

#.. .# .. . #.# ..##.
#.# ... ... ... #.#
#.### #.# #.#.. #.#
#@#.#######.#####.
#g#....#.......... #
#g#..#.#.##.######
....#+#g...#.#.#.......#
...<....##.#.#.#..####.#
........'.........# #.#
........######.##.# #.#
......... ...##.# #.#
......... <.####.# #<#


You could see 3 gnolls.

Vanquished Creatures
  An adder (D:2)
  2 ribbon worms (D:2)
  An orc (D:3)
  3 ball pythons (D:1)
  4 bats
  3 endoplasms
  2 giant cockroaches
  A goblin (D:2)
  2 hobgoblins
  3 kobolds
  4 frilled lizards
  7 rats
33 creatures vanquished.

Notes
Turn   | Place    | Note
-------+----------+-------------------------------------------
     0 | D:1      | qw the Deep Elf Hunter began the quest for the Orb.
     0 | D:1      | Reached XP level 1. HP: 12/12 MP: 3/3
     0 | D:1      | 0 ||| qw: Version: 0.3-a-155-g5e7d8dd
     0 | D:1      | 0 ||| qw: Game counter: 2781
     0 | D:1      | 0 ||| qw: Melee chars always use a shield: true
     0 | D:1      | 0 ||| qw: God list: Okawaru
     0 | D:1      | 0 ||| qw: Allow faded altars: false
     0 | D:1      | 0 ||| qw: Do Orc after clearing Dungeon:15 true
     0 | D:1      | 0 ||| qw: Do second Lair branch before Depths: true
     0 | D:1      | 0 ||| qw: Lair rune preference: random
     0 | D:1      | 0 ||| qw: Goals: Normal
     0 | D:1      | 0 ||| PLANNING D:1-11
    94 | D:1      | Reached skill level 6 in Ranged Weapons
    94 | D:1      | Reached XP level 2. HP: 16/16 MP: 4/4
   505 | D:1      | 505 ||| UPGRADING to +0 ring mail.
   515 | D:1      | 515 ||| DROPPING +0 leather armour.
   516 | D:1      | 516 ||| READING scroll labelled GEOXTIDULE.
   516 | D:1      | 516 ||| ENCHANTING +0 shortbow.
   517 | D:1      | 517 ||| READING scroll labelled LIEN FOODAADIW.
   522 | D:1      | 522 ||| READING scroll labelled HETUSMANKATT.
   523 | D:1      | 523 ||| READING scroll labelled ZORHAWNIPI.
   524 | D:1      | 524 ||| DROPPING scroll of butterflies.
   704 | D:2      | Reached XP level 3. HP: 15/20 MP: 5/5
   705 | D:2      | HP: 4/20 [ribbon worm (7)]
   796 | D:2      | Identified the +2 ring mail of Negation {Str+2 Stlth+}
  1037 | D:2      | HP: 4/20 [ribbon worm (2)]
  1038 | D:2      | 1038 ||| READING scroll of teleportation.
  1042 | D:2      | Reached skill level 7 in Ranged Weapons
  1180 | D:2      | 1180 ||| UPGRADING to +2 ring mail of Negation {Str+2
                  | Stlth+}.
  1190 | D:2      | 1190 ||| DROPPING +0 ring mail.
  1191 | D:2      | 1191 ||| READING scroll labelled UWUFUUNUVO.
  1191 | D:2      | 1191 ||| ENCHANTING +1 shortbow.
  1192 | D:2      | 1192 ||| DRINKING 3 coppery potions.
  1242 | D:3      | 1242 ||| RETREEEEATING.
  1243 | D:3      | 1243 ||| RETREEEEATING.
  1244 | D:3      | 1244 ||| RETREEEEATING.
  1245 | D:3      | 1245 ||| RETREEEEATING.
  1246 | D:3      | 1246 ||| RETREEEEATING.
  1253 | D:3      | HP: 3/20 [gnoll/+0 spear (4)]
  1254 | D:3      | HP: 1/20 [gnoll/+0 spear (2)]
  1255 | D:3      | Slain by a gnoll

Levels and vault maps discovered:
D:1:      lightli_arrival_windingriver, layout_rooms
D:2:      layout_basic
D:3:      layout_basic

Skill      XL: |  1  2  3 |
---------------+----------+-----
Ranged Weapons | 6 7 |  7.0
Fighting       | |  1.5
Dodging        | |  2.4
Stealth        | |  1.2

Action                     || total
---------------------------++-------
   Fire: Shortbow          ||   102
    Use: Scroll            ||     6
         Potion            ||     1
 Armour: Leather armour    ||     7
         Ring mail         ||    23
  Dodge: Dodged            ||    22

Table legend:
 A = Non-vault XP
 B = Vault XP
 C = Vault XP percentage of total XP
 D = Non-vault monster count
 E = Vault monster count
 F = Vault count percentage of total count
                 A         B        C        D         E       F
            +---------+---------+-------+---------+---------+-------
      Total |      69 |       0 |   0.0 |      33 |       0 |   0.0
            +---------+---------+-------+---------+---------+-------
        D:1 |      24 |       0 |   0.0 |      15 |       0 |   0.0
        D:2 |      40 |       0 |   0.0 |      16 |       0 |   0.0
        D:3 |       5 |       0 |   0.0 |       2 |       0 |   0.0
            +---------+---------+-------+---------+---------+-------
